[Event "*** Titled Tuesday Blitz"]
[Site "Chess.com"]
[Date "2020.04.28"]
[Round "4"]
[White "rasmussvane"]
[Black "Volovier"]
[Result "1-0"]
[WhiteElo "2864"]
[BlackElo "2622"]
[TimeControl "180+1"]
[EndTime "10:42:24 PDT"]
[Termination "rasmussvane won on time"]

1. Nf3 d5 2. g3 Bf5 3. Bg2 e6 4. O-O Nf6 5. c4 c6 6. Qb3 Qb6 7. d3 Nbd7 8. cxd5 exd5 9. Qc2 Be7 10. Nc3 O-O 11. e4 Be6 12. Be3 Qc7 13. Ng5 dxe4 14. dxe4 Nc5 15. b4 Na6 16. Nxe6 fxe6 17. a3 Rfd8 18. Qb3 Qc8 19. Rad1 Rxd1 20. Rxd1 Nc7 21. Ne2 a5 22. Bf4 a4 23. Qa2 Nb5 24. Be5 c5 25. bxc5 Bxc5 26. Rc1 b6 27. Bh3 Kf7 28. Kg2 Nxe4 29.
Nf4 Ng5 30. Bg4 Kg8 31. Nxe6 Qc6+ 32. f3 Nxe6 33. Bxe6+ Kh8 34. Bd5 Qe8 35. Bxa8 Qxe5 36. Be4 Nd4 37. Rd1 g6 38. Qd5 Qxd5 39. Bxd5 Nc2 40.
Rd2 Ne3+ 41. Kh3 Nxd5 42. Rxd5 Bxa3 43. Rd4 b5 44. Rd5 b4 45. Ra5 b3 46. Rxa4 b2 47.
Ra8+ Kg7 48. Rb8 Kf6 49. Rb5 h5 50. Kh4 Ke6 51. Kg5 Kd6 52. Kxg6 Kc6 53. Rb3 h4 54.
gxh4 Kc5 55. h5 Kc4 56. Rxb2 Bxb2 57. h6 Kd5 58. Kf7 Ke5 59. h7 Kf4 60. h4 Kxf3 61. h5 Kg4 62. Kg6 Kh4 63. h6 Kg4 64. Kf7 Kh5 65. h8=Q 1-0

[Event "*** Titled Tuesday Blitz"]
[Site "Chess.com"]
[Date "2020.04.28"]
[Round "4"]
[White "vovachesss"]
[Black "PowerThinking2650"]
[Result "0-1"]
[WhiteElo "2570"]
[BlackElo "2259"]
[TimeControl "180+1"]
[EndTime "10:42:26 PDT"]
[Termination "PowerThinking2650 won by checkmate"]

1. e4 e5 2. Bc4 Nc6 3. Nf3 Nf6 4. d3 h6 5. O-O d6 6. c3 g6 7. h3 Bg7 8. Re1 O-O 9. Nbd2 Kh8 10. d4 Nh5 11.
Nf1 Qe8 12. dxe5 Nxe5 13. Nxe5 dxe5 14. Be3 Nf4 15. Ng3 Qe7 16. b4 b6 17. Qf3 Qh4 18.
Ne2 g5 19. Bxf4 gxf4 20. Kh2 Bf6 21. Ng1 c6 22. g3 fxg3+ 23. fxg3 Qg5 24. Rf1 Kg7 25.
Rf2 Be6 26. Be2 Be7 27. Raf1 f5 28. Bd3 f4 29. Ne2 fxg3+ 30. Qxg3 Qxg3+ 31. Nxg3 Rxf2+ 32. Rxf2 Kg6 33. Rg2 Bg5 34. h4 Bf4 35. Kg1 Kf6 36. Nh5+ Ke7 37. Rg7+ Kd6 38. Rg6 Rg8 39. Rxg8 Bxg8 40.
Nxf4 exf4 41. a3 Ke5 42. Kf2 Bf7 43. Kf3 Bh5+ 44. Kf2 Bd1 45. Bb1 c5 46. Bd3 Bg4 47. Bc2 Be6 48. Bd3 a5 49. bxa5 bxa5 50. Bc2 Bc4 51. Bb1 Bb3 52. Kf3 Bd1+ 53. Kf2 c4 54. Ba2 Bb3 55. Bb1 Bd1 56. Ba2 Bb3 57. Bb1 a4 58. Ke2 Ke6 59. Kf3 Ke5 60. Ke2 Ke6 61.
Kf2 Ke5 62. Kf3 Bd1+ 63. Kf2 Bg4 64. Bc2 Bd7 65. Kf3 Bc6 66. Kg4 Bxe4 67. Bxa4 Bd3 68. Bd1 Ke4 69. Bf3+ Ke3 70. a4 h5+ 71. Kxh5 Kxf3 72.
a5 Be4 73. Kg5 Kg3 74. h5 f3 75. h6 f2 76. h7 f1=Q 77. h8=Q Qf4+ 78. Kh5 Qg4+ 79.
Kh6 Qg6# 0-1

[Event "*** Titled Tuesday Blitz"]
[Site "Chess.com"]
[Date "2020.04.28"]
[Round "4"]
[White "GM_DarwinLaylo"]
[Black "profofchess"]
[Result "1-0"]
[WhiteElo "2589"]
[BlackElo "2393"]
[TimeControl "180+1"]
[EndTime "10:42:34 PDT"]
[Termination "GM_DarwinLaylo won by checkmate"]

1. c4 e5 2. Nc3 Nc6 3. g3 Bc5 4. Bg2 a6 5. e3 Ba7 6. Nge2 d6 7. d4 exd4 8. exd4 Nge7 9. O-O Nf5 10.
d5 Ne5 11. b3 O-O 12. h3 Re8 13. Kh2 Rb8 14. a4 Bd7 15. Bb2 Qe7 16. Ne4 Ng6 17. Nd4 Nxd4 18. Bxd4 Bxd4 19. Qxd4 Qe5 20. Qd3 f5 21. Nc3 Re7 22. f4 Qe3 23. Rf3 Qxd3 24. Rxd3 Rbe8 25. Rad1 a5 26. Kg1 Nf8 27. Kf2 b6 28.
Bf3 Bc8 29. Nb5 Ba6 30. Nd4 g6 31. Nc6 Rf7 32. Re1 Rxe1 33. Kxe1 Nd7 34. Re3 Kf8 35. Nd8 Re7 36. Ne6+ Kf7 37. Ng5+ Ke8 38. Rxe7+ Kxe7 39. Nxh7 Nc5 40. Bd1 Bb7 41. g4 fxg4 42. hxg4 c6 43.
dxc6 Bxc6 44. Kd2 d5 45. cxd5 Bxd5 46. Kc3 Be6 47. Ng5 Bd5 48. Bc2 Kf6 49. Nh3 Bg2 50.
Nf2 Bd5 51. g5+ Kg7 52. Ng4 Be6 53. Ne5 Bd5 54. Nxg6 Bxb3 55. Bxb3 Kxg6 56. Bc2+ Kh5 57. Kc4 Kg4 58. g6 Nd7 59. f5 Nf6 60. Kb5 Kf4 61.
Kxb6 Ke5 62. Kxa5 Kd4 63. Kb5 Kc3 64. a5 Kxc2 65. a6 Ne8 66. a7 Kd3 67. Kc6 Ke4 68. a8=Q Nf6 69. g7 Kf4 70. g8=Q Kxf5 71. Qf7 Ke5 72. Qa5+ Nd5 73. Qaxd5# 1-0

[Event "*** Titled Tuesday Blitz"]
[Site "Chess.com"]
[Date "2020.04.28"]
[Round "4"]
[White "kushagramohan"]
[Black "Olga_Girya"]
[Result "1/2-1/2"]
[WhiteElo "2686"]
[BlackElo "2456"]
[TimeControl "180+1"]
[EndTime "10:42:45 PDT"]
[Termination "Game drawn by repetition"]

1. e4 c6 2. d4 d5 3. Nd2 dxe4 4.
Nxe4 Bf5 5. Ng3 Bg6 6. h4 h6 7.
Nf3 Nd7 8. h5 Bh7 9. Bd3 Bxd3 10. Qxd3 e6 11. Bf4 Qa5+ 12. Bd2 Bb4 13. c3 Be7 14. c4 Qc7 15. d5 cxd5 16. cxd5 Qd6 17. Qb3 Ngf6 18. dxe6 Qxe6+ 19. Qxe6 fxe6 20. O-O Kf7 21. Rfe1 Rhe8 22. Bc3 Bd6 23. Ne5+ Nxe5 24. Bxe5 Bxe5 25.
Rxe5 Rac8 26. Rae1 Rc2 27. Rb5 Re7 28. Ne4 Nxe4 29.
Rxe4 Rec7 30. g4 b6 31. a4 Rd2 32. b3 Rc1+ 33. Kg2 Rcc2 34. Rf4+ Ke7 35. Re5 Rc5 36.
Re3 a5 37. Ref3 Rg5 38. Re4 Rdd5 39. Rfe3 Rd6 40. Kg3 Kd7 41. Rf4 Ke7 42. Rc4 Rgd5 43. Rc7+ Rd7 44. Rc6 R7d6 45. Rc4 Rd3 46. Re4 Rxe3+ 47.
Rxe3 Rd4 48. f4 Kd7 49. Rc3 Rb4 50. Kf3 b5 51. axb5 Rxb5 52. Ke4 Ke7 53. Kf3 Kf6 54. Kg3 Rb4 55. Rf3 a4 56. bxa4 Rxa4 57. Rb3 Ra7 58. Kf3 Ra4 59. Rb8 Ra3+ 60. Kg2 Ra2+ 61. Kg3 Ra3+ 62. Kh4 Ra4 63. f5 exf5 64. Rf8+ Ke7 65.
Rxf5 Rb4 66. Ra5 Rc4 67. Ra6 Kf7 68. Kg3 Rc3+ 69. Kh4 Rc1 70. Ra7+ Kf6 71. Ra8 Rh1+ 72. Kg3 Rg1+ 73. Kh3 Rh1+ 74. Kg2 Rb1 75. Ra6+ Kf7 76.
Ra3 Rb2+ 77. Kg3 Kf6 78. Ra4 Kf7 79. Kf4 Rf2+ 80. Ke3 Rf1 81. Ke2 Rg1 82. Kf3 Rf1+ 83.
Kg2 Rb1 84. Rf4+ Kg8 85. Rf3 Kh7 86. Kg3 Rb4 87. Ra3 Rc4 88. Kf3 Rb4 89. Re3 Rb7 90. Re4 g6 91. hxg6+ Kxg6 92. Kg3 Kg5 93. Re5+ Kg6 94.
Kh4 Rb1 95. Re6+ Kg7 96. Ra6 Rh1+ 97. Kg3 Rg1+ 98. Kh3 Rh1+ 99. Kg2 Rb1 100. Ra5 Rb2+ 101. Kg3 Kg6 102. Ra6+ Kg5 103. Ra5+ Kg6 104. Kh4 Rh2+ 105. Kg3 Rb2 1/2-1/2

[Event "*** Titled Tuesday Blitz"]
[Site "Chess.com"]
[Date "2020.04.28"]
[Round "4"]
[White "anon132639"]
[Black "NeverEverForever1990"]
[Result "1-0"]
[WhiteElo "2669"]
[BlackElo "2471"]
[TimeControl "180+1"]
[EndTime "10:42:46 PDT"]
[Termination "anon132639 won by checkmate"]

1. d4 Nf6 2. Nf3 e6 3. c4 Bb4+ 4. Nbd2 O-O 5. a3 Bxd2+ 6. Qxd2 d5 7. e3 b6 8. Be2 Bb7 9. O-O dxc4 10. Bxc4 Bxf3 11. gxf3 c5 12. dxc5 bxc5 13. Rd1 Nc6 14. Qxd8 Rfxd8 15. Bd2 Rab8 16. Bc3 Nd5 17. Bxd5 exd5 18.
Rac1 f6 19. f4 Kf7 20. Be1 c4 21. Bc3 Ke6 22. Kg2 a5 23. Kf3 a4 24. Rd2 Na7 25.
Rcd1 Nb5 26. Bb4 f5 27. h4 Na7 28. h5 Nc6 29. Bc3 Rb7 30. Rg1 Rdd7 31. h6 g6 32.
Rgd1 Rb3 33. Ke2 Na7 34. Be5 Nb5 35. Rc1 Na7 36. f3 Nc6 37. Bc3 Rb5 38. Rcd1 Ne7 39. e4 fxe4 40. fxe4 Nc6 41. exd5+ Rbxd5 42. Rxd5 Rxd5 43. Rxd5 Kxd5 44. Kf3 Nd4+ 45. Kg4 Nf5 46. Bg7 Ne3+ 47. Kg5 Ke6 48. Bd4 Nd5 49. Bg7 Ne7 50. Kg4 Nc6 51.
Kg5 Nb8 52. Bc3 Na6 53. Kg4 Nc5 54. Kg5 Nb7 55. Kg4 Nd6 56. Kf3 Kf5 57. Be5 Nb5 58. Bg7 Nc7 59. Ke3 Nd5+ 60. Kd4 Nxf4 61. Kxc4 g5 62.
Kb4 g4 63. Kxa4 Ne2 64. Bf8 Nd4 65. Bc5 Ke4 66. Kb4 g3 67. Kc4 Nf5 68. Bg1 Ne3+ 69. Kc5 Kf3 70. b4 Nd1 71. b5 Nf2 72. b6 Kg2 73. b7 Kxg1 74. b8=Q g2 75. Kc6 Kh1 76. Qg3 g1=Q 77. Qh4+ Qh2 78. Qxh2+ Kxh2 79. a4 Nd3 80. a5 Nb4+ 81. Kb5 Nd5 82. Kc5 Nc7 83. Kd6 Na6 84. Ke6 Kg3 85. Kf6 Kg4 86. Kg7 Kf5 87. Kxh7 Nc7 88. Kg8 Kg6 89. h7 Nd5 90. h8=Q Ne7+ 91. Kf8 Nf5 92. Qg8+ Ng7 93. Qxg7+ Kf5 94. Qf7+ Kg5 95.
a6 Kh6 96. a7 Kg5 97. Qg7+ Kh5 98. a8=Q Kh4 99. Qh1# 1-0

[Event "*** Titled Tuesday Blitz"]
[Site "Chess.com"]
[Date "2020.04.28"]
[Round "4"]
[White "AttilaTurzo"]
[Black "theblitzchamp"]
[Result "0-1"]
[WhiteElo "2483"]
[BlackElo "2681"]
[TimeControl "180+1"]
[EndTime "10:42:49 PDT"]
[Termination "theblitzchamp won by resignation"]

1. e4 e5 2. Nf3 Nc6 3. d4 exd4 4. Nxd4 Nf6 5. Nxc6 bxc6 6. e5 Qe7 7. Qe2 Nd5 8. c4 Qb4+ 9. Qd2 Nf4 10. a3 Qxd2+ 11.
Bxd2 Ng6 12. f4 d6 13. exd6 cxd6 14. g3 Be7 15. Bg2 Bd7 16. Nc3 O-O 17. O-O-O Rab8 18. b4 Be6 19. Bxc6 Bxc4 20. Bd5 Rfc8 21. Kb1 a5 22. Bxc4 Rxc4 23. Nd5 Rd4 24. Bc3 Rc4 25. f5 axb4 26.
Bxb4 Bf8 27. fxg6 hxg6 28. Rc1 Rd4 29. Rhd1 Re4 30. Kb2 g5 31. Kb3 Re2 32. Rc2 Re4 33. Re1 Rxe1 34. a4 Re5 35. Rd2 f5 36. a5 Ra8 37.
Ka4 Be7 38. Bc3 Re4+ 39. Kb5 Bd8 40. Nb6 Rb8 41. Rxd6 f4 42. gxf4 gxf4 43. Rg6 Re7 44. Bb4 Rf7 45. Bd6 f3 46. Rg1 f2 47. Rf1 Rbb7 48.
Bg3 Bxb6 49. axb6 Rf6 50. Rxf2 Rbxb6+ 51. Kc5 Rbc6+ 52. Kd5 Rfe6 53. Ra2 Rb6 54. Ra7 Rg6 55. Ra8+ Kh7 56. Ra2 Rb5+ 57. Kc4 Rf5 58. Rd2 Rf3 59.
Rd4 Rg5 60. Rh4+ Kg6 61. Rd4 Rgf5 62. Rg4+ Kf7 63. Kd4 Rf1 64. Ke4 Rf6 65. Rg5 Re6+ 66. Kd3 Rd1+ 67. Kc2 Rd7 68. Rf5+ Kg6 69. Rc5 Kh6 70.
Bf4+ Kg6 71. Bg3 Re4 72. Rc6+ Kf5 73. Rc5+ Kg4 74. Be5 g5 75. Bb8 Kh4 76. Bg3+ Kg4 77. Rc8 Kf3 78. Rf8+ Kg2 79. Rf2+ Kh3 80. Rf8 Rc4+ 81.
Kb3 Rc6 82. Rh8+ Kg2 83. Kb4 Rb7+ 84. Ka5 Rb1 85. Rb8 Rxb8 86. Bxb8 Rc2 87. Be5 g4 88.
Kb4 Kh3 89. Kb3 Rxh2 90. Bxh2 Kxh2 0-1

[Event "*** Titled Tuesday Blitz"]
[Site "Chess.com"]
[Date "2020.04.28"]
[Round "4"]
[White "Igor_Lysyj"]
[Black "x-3738459472"]
[Result "1-0"]
[WhiteElo "2793"]
[BlackElo "2516"]
[TimeControl "180+1"]
[EndTime "10:42:51 PDT"]
[Termination "Igor_Lysyj won by resignation"]

1. d4 Nf6 2. c4 e6 3. Nf3 Bb4+ 4.
Bd2 a5 5. g3 d6 6. Bg2 Nbd7 7. O-O e5 8. Bg5 exd4 9. Nxd4 h6 10. Bf4 O-O 11. Nc2 Bc5 12. Nc3 Ne5 13. b3 Re8 14. h3 Ng6 15. Bd2 Bf5 16. Ne3 Bxe3 17. Bxe3 Qc8 18. Kh2 Ne4 19. Nd5 Ne7 20. Rc1 Nxd5 21.
cxd5 Qd7 22. Bd4 b6 23. e3 Re7 24. f4 Rae8 25. g4 Bh7 26. f5 Nf6 27. Qc2 Ne4 28. Bxe4 Rxe4 29. Qxc7 Qb5 30. Qc4 Qd7 31. Qc3 f6 32. Rf2 Kh8 33. Qc6 Qf7 34. Qc7 Qxd5 35. Qc6 Qf7 36. Qxd6 Bg8 37. Rc7 R4e7 38. Rfc2 h5 39. g5 Bh7 40. g6 Bxg6 41. fxg6 Qxg6 42. Rg2 Qf7 43. Rxe7 Rxe7 44. Qb8+ Re8 45. Qf4 b5 46. Qf5 Qc7+ 47. Qf4 Qxf4+ 48. exf4 Re4 49. Bb6 a4 50. bxa4 bxa4 51. f5 Rf4 52. Rf2 Rb4 53. Bc7 a3 54.
Bd6 Ra4 55. Kg3 Kh7 56. h4 g6 57. fxg6+ Kxg6 58. Rf3 Rg4+ 59. Kh3 Rd4 60. Bxa3 Ra4 61. Kg3 f5 62. Kh3 f4 63. Bd6 Rxa2 64. Bxf4 Ra1 65. Bg5 Ra4 66. Rf6+ Kg7 67. Kg3 Rb4 68. Kf3 Ra4 69.
Re6 Rb4 70. Re4 Rb1 71. Kf4 Rf1+ 72. Ke5 Kg6 73. Ke6 Ra1 74. Rd4 Ra6+ 75. Rd6 Ra1 76. Ke5+ Kf7 77. Kf5 Ra5+ 78. Ke4 Ra4+ 79. Rd4 Ra5 80.
Rd7+ Ke6 81. Rh7 Ra4+ 82. Kd3 Kf5 83. Rxh5 Kg6 84. Rh6+ Kg7 85. Rc6 Rg4 86. Rc4 Rg1 87. Ke3 Kg6 88. Kf3 Ra1 89. Rc6+ Kg7 90. Kg4 Ra8 91. Rc7+ Kh8 92. Kh5 Ra6 93. Kg4 Kg8 94.
Kh5 Kh8 95. Re7 Kg8 96. Re4 Kh7 97. Kg4 Ra1 98. Re7+ Kg8 99. h5 Ra6 100. Kf5 Ra5+ 101. Kg6 Ra6+ 102. Bf6 Ra8 103. Rd7 Rf8 104. Rd8 Rxd8 105. Bxd8 1-0

[Event "*** Titled Tuesday Blitz"]
[Site "Chess.com"]
[Date "2020.04.28"]
[Round "4"]
[White "wonderfultime"]
[Black "Man-Chuk"]
[Result "1-0"]
[WhiteElo "2941"]
[BlackElo "2714"]
[TimeControl "180+1"]
[EndTime "10:42:53 PDT"]
[Termination "wonderfultime won on time"]

1. d4 Nf6 2. Nf3 d5 3. Bf4 Bf5 4. e3 e6 5. c4 Bxb1 6. Qxb1 Bb4+ 7. Kd1 O-O 8. Bd3 dxc4 9. Bxc4 Bd6 10. Bg5 h6 11.
Bh4 Nbd7 12. Ke2 c6 13. Rd1 Qa5 14. Kf1 Qh5 15. Kg1 g5 16. Bg3 Bxg3 17. hxg3 Ng4 18. Bb3 Kg7 19. Qc2 Rae8 20. Rac1 f5 21. Bc4 Ndf6 22.
Bd3 Ne4 23. Rf1 Rf7 24. b4 a6 25. a4 Ref8 26. b5 axb5 27. axb5 cxb5 28. Qb2 Kg8 29.
Rc2 f4 30. exf4 gxf4 31. Bxe4 fxg3 32. fxg3 Ne3 33. Rcf2 Nxf1 34. Rxf1 Qg4 35. Qe2 Qxg3 36.
Qxb5 Qf4 37. Qe2 Qg3 38. Qe3 Kg7 39. Qf2 Qxf2+ 40. Rxf2 Rf4 41. Re2 b5 42. Kf2 b4 43.
Ke3 Rg4 44. Rb2 Rb8 45. Ne5 Rg3+ 46. Bf3 b3 47. Nd7 Rb4 48. Nc5 Kf7 49. Ne4 Rg8 50. Nc5 Rd8 51. Rxb3 Rbxd4 52. Rb7+ Kf6 53. Ne4+ Kg6 54. Rb6 Rd3+ 55. Kf4 Rf8+ 56. Kg4 h5+ 57. Kg3 h4+ 58. Kg4 h3 59. Rxe6+ Kg7 60. Re7+ Kh8 61. Ng5 h2 62. Rh7+ Kg8 63. Rxh2 Rd4+ 64. Kg3 Rf5 65. Ne4 Rd3 66. Rh4 Re5 67. Rg4+ Kf7 68. Kf4 Re7 69. Rg5 Ke8 70. Ra5 Kf7 71. Ra6 Rdd7 72. Bh5+ Kg7 73. Rg6+ Kf8 74. Nf6 Rf7 75. Kg5 Rd6 76. Nh7+ Ke7 77. Rxd6 Rxh7 78. Rg6 Rf7 79. Bf3 1-0

[Event "*** Titled Tuesday Blitz"]
[Site "Chess.com"]
[Date "2020.04.28"]
[Round "4"]
[White "djano"]
[Black "Zarikovs1999"]
[Result "0-1"]
[WhiteElo "2446"]
[BlackElo "2286"]
[TimeControl "180+1"]
[EndTime "10:42:55 PDT"]
[Termination "Zarikovs1999 won on time"]

1. d4 Nf6 2. Nf3 e6 3. Bf4 d5 4. e3 c5 5. c3 Nc6 6. Nbd2 Bd6 7.
Bg3 Qe7 8. Bb5 Bd7 9. Qe2 a6 10. Bxc6 Bxc6 11. Bxd6 Qxd6 12. dxc5 Qxc5 13. Nd4 e5 14.
Nxc6 bxc6 15. O-O O-O 16. Rac1 Rfe8 17. b4 Qd6 18. Rfd1 Qc7 19. Nb3 e4 20. c4 Qd6 21.
cxd5 cxd5 22. Nc5 h5 23. h3 g6 24. Qb2 Rab8 25. Qd4 Red8 26. a3 Kh7 27. g3 h4 28.
g4 Ng8 29. Nxe4 Qe7 30. Nc5 Rb6 31. Nd3 Rbd6 32. Nf4 Nf6 33. f3 g5 34. Nd3 Re8 35. Re1 Re6 36. Kf2 Rd8 37. Rc5 Ne4+ 38. Kg2 Nxc5 39. Nxc5 Rc6 40. Kf2 a5 41. Rb1 axb4 42.
axb4 Re8 43. Rb3 Qa7 44. Rb2 Qe7 45. Re2 Qe5 46. Qd3+ Kg7 47. Qf5 Qg3+ 48. Kf1 Qxh3+ 49. Ke1 Qg3+ 50. Kd2 Qe5 51. Qxe5+ Rxe5 52. Kd3 Re8 53. Kd4 Rb6 54. Nd3 Rb5 55. e4 dxe4 56. fxe4 Kg6 57.
Kc4 Reb8 58. e5 R5b6 59. Kc5 Rb5+ 60. Kc4 R8b6 61. Re3 Rb8 62. Re4 R5b7 63. Kc5 Rc8+ 64. Kd6 Rc3 65. Nc5 Rb6+ 66. Kc7 Re6 67. Kb7 Re7+ 68.
Kb6 h3 69. Re2 Re8 70. b5 Rb8+ 71. Nb7 Rb3 72. Kc7 Rxb7+ 73. Kxb7 Rxb5+ 74. Kc6 Rb4 75. e6 fxe6 76. Rxe6+ Kf7 77. Rh6 Rxg4 78. Rxh3 Ke6 79. Re3+ Kf5 80. Kd5 Rf4 81. Re8 Kg4 82.
Ke5 Kf3 83. Rg8 g4 84. Ra8 Re4+ 85. Kf5 Rf4+ 86. Kg5 Re4 87. Ra3+ Kf2 88. Kh4 g3+ 0-1

[Event "*** Titled Tuesday Blitz"]
[Site "Chess.com"]
[Date "2020.04.28"]
[Round "4"]
[White "TargetA"]
[Black "donotreadit"]
[Result "0-1"]
[WhiteElo "2473"]
[BlackElo "2674"]
[TimeControl "180+1"]
[EndTime "10:42:56 PDT"]
[Termination "donotreadit won on time"]

1. c4 e6 2. Nc3 d5 3. d4 Be7 4. e4 dxe4 5. Nxe4 Nf6 6. Nxf6+ Bxf6 7. Nf3 Nc6 8. Be3 b6 9. Be2 Bb7 10. O-O Qd6 11. Qa4 O-O 12. Rfd1 Ne7 13. Rac1 Nf5 14. Qb3 Rfd8 15. c5 Qd5 16. Bc4 Qe4 17. Bd3 Qd5 18. Bc4 Qd7 19. Bb5 Qc8 20. c6 Ba6 21. Bxa6 Qxa6 22.
Bf4 Qc8 23. d5 exd5 24. Rxd5 Rxd5 25. Qxd5 Bxb2 26. Rd1 Bf6 27. Be5 Bxe5 28. Nxe5 Nd6 29. Nc4 Nxc4 30. Qxc4 Qe8 31. h4 Rd8 32. Rxd8 Qxd8 33.
Qg4 Kf8 34. Qb4+ Qe7 35. Qg4 Qe6 36. Qb4+ Ke8 37. Qa4 a6 38. Qc2 g6 39. Qc3 h5 40.
g3 Ke7 41. Kh2 a5 42. Qa3+ Qd6 43. Qe3+ Qe6 44. Qa3+ Ke8 45. Qc3 Kd8 46. a4 Qf5 47. Qd4+ Ke8 48. Qh8+ Ke7 49. Qd4 Qe6 50. Qc3 Qd6 51.
Qe3+ Kf8 52. Qc3 Kg8 53. Qc4 Qf6 54. Qc2 Qf3 55. Kg1 Qd5 56. Qc3 Kf8 57. Kh2 Ke7 58.
Qe3+ Kd6 59. Qf4+ Kxc6 60. Qf6+ Kb7 61. Qc3 Qe4 62. Qa1 Qf3 63. Kg1 Qc6 64. Qd4 Qd6 65. Qe4+ Ka7 66. Qf3 Qd7 67. Qe4 Qe6 68. Qf4 Kb7 69. Qf3+ c6 70. Qf4 b5 71. axb5 cxb5 72.
Qf3+ Kb6 73. Qf4 a4 74. Qd4+ Ka6 75. Qc5 Qe1+ 76. Kg2 Qe6 77. Qc7 a3 78. Qc5 a2 79.
Qa3+ Kb6 80. Kh2 Qd5 81. Qe3+ Kc6 82. Qa3 Qc5 83. Qxa2 Qc4 84. Qa6+ Kc5 85. Qa7+ Kb4 86. Qe7+ Kb3 87. Kg1 b4 88. Qf6 Ka2 89. Qb6 b3 90. Qa5+ Kb1 91. Qd2 b2 92. Kh2 Ka2 93. Qa5+ Kb3 94.
Qb6+ Kc2 95. Qf6 b1=Q 0-1

[Event "*** Titled Tuesday Blitz"]
[Site "Chess.com"]
[Date "2020.04.28"]
[Round "4"]
[White "starworld123"]
[Black "Fandorine"]
[Result "1-0"]
[WhiteElo "2653"]
[BlackElo "2874"]
[TimeControl "180+1"]
[EndTime "10:43:16 PDT"]
[Termination "starworld123 won by resignation"]

1. Nf3 Nf6 2. c4 g6 3. g3 Bg7 4. Bg2 O-O 5. O-O c6 6. d4 d5 7. b3 Bg4 8. Bb2 Nbd7 9. Nbd2 Bxf3 10. Nxf3 e6 11. e3 Qe7 12. Qe2 Rfd8 13. Rfc1 Rac8 14. a3 a6 15. b4 Nb6 16. Nd2 Na4 17. Rab1 Nxb2 18.
Rxb2 e5 19. dxe5 Qxe5 20. Nf3 Qe7 21. Rbc2 dxc4 22. Qxc4 Nd5 23. h4 Nc7 24. h5 Nb5 25.
Qb3 Nd6 26. a4 Bf6 27. Rd2 Ne4 28. Rxd8+ Rxd8 29. b5 cxb5 30. axb5 axb5 31. Qxb5 Nxg3 32. hxg6 hxg6 33. Rb1 Ne4 34. Qxb7 Rd1+ 35. Bf1 Rxb1 36. Qxb1 Kg7 37. Bd3 Nc3 38. Qb8 Qd7 39. Bf1 Qg4+ 40. Qg3 Qd7 41. Kg2 Qd5 42. Qg4 Nd1 43. Bc4 Qb7 44. Be2 Nc3 45. Bc4 Qc6 46. Bb3 Ne4 47.
Ba2 Nc3 48. Bc4 Qb7 49. Bd3 Nd1 50. Be2 Nc3 51. Bc4 Qc7 52. Bd3 Qc6 53. Kg1 Qa8 54. Nd4 Qa1+ 55. Kg2 Qa8+ 56. Qf3 Qd8 57. Qg4 Qe7 58.
Nf3 Kf8 59. Bc4 Qd8 60. Qh3 Kg7 61. Qg4 Qa8 62. Kg1 Qa1+ 63. Kg2 Qa8 64. Bd3 Qc6 65.
Qc4 Qd6 66. Bf1 Nd5 67. Qg4 Qc5 68. Nd4 Bxd4 69. Qxd4+ Qxd4 70. exd4 Ne7 71. Kf3 f5 72. Kf4 Kf6 73. Bg2 g5+ 74. Ke3 Ng6 75. Bc6 Nf4 76. Kf3 Ke6 77. Ke3 Kf7 78. Bb7 Kf6 79. Bc8 Ng6 80. Bb7 Ne7 81. Kf3 g4+ 82. Ke3 Kg5 83.
d5 f4+ 84. Ke4 Nf5 85. Bc6 f3 86. Ke5 g3 87. fxg3 f2 88. Bb5 Nxg3 89. d6 Kg4 90. d7 Nf5 91. d8=Q 1-0

[Event "*** Titled Tuesday Blitz"]
[Site "Chess.com"]
[Date "2020.04.28"]
[Round "5"]
[White "Barys1974"]
[Black "Michaelson_11"]
[Result "1-0"]
[WhiteElo "2637"]
[BlackElo "1993"]
[TimeControl "180+1"]
[EndTime "10:50:21 PDT"]
[Termination "Barys1974 won by resignation"]

1. e4 c5 2. Nf3 Nc6 3. Bb5 g6 4. O-O Bg7 5. c3 Nf6 6. Re1 O-O 7. h3 e5 8. d3 d6 9. a3 Be6 10. b4 b6 11. Bxc6 1-0

[Event "*** Titled Tuesday Blitz"]
[Site "Chess.com"]
[Date "2020.04.28"]
[Round "5"]
[White "vohiraa"]
[Black "ManuDavid2910"]
[Result "0-1"]
[WhiteElo "2191"]
[BlackElo "2641"]
[TimeControl "180+1"]
[EndTime "10:50:39 PDT"]
[Termination "ManuDavid2910 won by resignation"]

1. e4 c5 2. Nf3 Nc6 3. d4 cxd4 4. Nxd4 e5 5. Nb5 d6 6. N1c3 a6 7. Na3 Be6 8. Bc4 Nf6 9. Bb3 b5 10. Nd5 Nxe4 11. Qf3 f5 12. Nc7+ Qxc7 13. Bxe6 Nd4 14. Qd1 Nxe6 15. Qd5 Qc8 0-1

[Event "*** Titled Tuesday Blitz"]
[Site "Chess.com"]
[Date "2020.04.28"]
[Round "5"]
[White "zmeeed67"]
[Black "EddieMarsalla"]
[Result "0-1"]
[WhiteElo "2382"]
[BlackElo "2552"]
[TimeControl "180+1"]
[EndTime "10:50:50 PDT"]
[Termination "EddieMarsalla won by resignation"]

1. d4 d5 2. c4 Bf5 3. cxd5 Bxb1 4. Qa4+ c6 5. Rxb1 Qxd5 6. Nf3 Nd7 7. e3 e6 8. Bc4 Qf5 9. Nd2 b5 10. g4 Qxb1 0-1

[Event "*** Titled Tuesday Blitz"]
[Site "Chess.com"]
[Date "2020.04.28"]
[Round "5"]
[White "dukicz123"]
[Black "IMUffeVinther-Schou"]
[Result "1-0"]
[WhiteElo "2493"]
[BlackElo "2273"]
[TimeControl "180+1"]
[EndTime "10:50:52 PDT"]
[Termination "dukicz123 won by resignation"]

1. e4 c5 2. Nf3 e6 3. d4 cxd4 4. Nxd4 a6 5. Bd3 g6 6. O-O Bg7 7. Nb3 Ne7 8. c4 Nbc6 9. Nc3 O-O 10. Bg5 b6 11. Qd2 Qc7 12. Rac1 Ne5 13. Bxe7 1-0

[Event "*** Titled Tuesday Blitz"]
[Site "Chess.com"]
[Date "2020.04.28"]
[Round "5"]
[White "Vice64"]
[Black "Alexa797"]
[Result "1-0"]
[WhiteElo "2606"]
[BlackElo "2333"]
[TimeControl "180+1"]
[EndTime "10:50:58 PDT"]
[Termination "Vice64 won by resignation"]

1. e4 c5 2. Nf3 e6 3. d4 cxd4 4.
Nxd4 Nf6 5. Nc3 Nc6 6. Ndb5 Bb4 7. a3 Bxc3+ 8. Nxc3 d5 9. Bd3 d4 10. Ne2 e5 11. O-O O-O 12. h3 h6 13. b4 a5 14.
b5 Ne7 15. a4 Ng6 16. c3 dxc3 17. Nxc3 Be6 18. Be3 Rc8 19. Rc1 Qd6 20. Qe2 Rfd8 21. Bb1 Qb4 22. Nd5 Nxe4 23. Nxb4 1-0

[Event "*** Titled Tuesday Blitz"]
[Site "Chess.com"]
[Date "2020.04.28"]
[Round "5"]
[White "verdest"]
[Black "Ceejay271"]
[Result "1-0"]
[WhiteElo "2590"]
[BlackElo "2325"]
[TimeControl "180+1"]
[EndTime "10:51:06 PDT"]
[Termination "verdest won by resignation"]

1. d4 Nf6 2. c4 e6 3. Nf3 d5 4. Nc3 Nbd7 5. Bf4 dxc4 6. e3 Nd5 7. Bxc4 Nxf4 8. exf4 Bd6 9. g3 a6 10. O-O O-O 11.
Qe2 b5 12. Bd3 c5 13. Ne4 Be7 14. dxc5 Nxc5 15. Nxc5 Bxc5 16. Bxh7+ Kxh7 17. Qe4+ Kg8 18. Ng5 g6 19. Qxa8 Qf6 20. Ne4 Qe7 21. Nxc5 Qxc5 22.
Rac1 1-0

[Event "*** Titled Tuesday Blitz"]
[Site "Chess.com"]
[Date "2020.04.28"]
[Round "5"]
[White "dennisodessa"]
[Black "CMFernandez"]
[Result "1-0"]
[WhiteElo "2309"]
[BlackElo "2070"]
[TimeControl "180+1"]
[EndTime "10:51:08 PDT"]
[Termination "dennisodessa won by resignation"]

1. d4 Nf6 2. c4 g6 3. Nc3 Bg7 4.
e4 d6 5. f3 O-O 6. Be3 e5 7. d5 c6 8. Qd2 a6 9. Bd3 Nbd7 10. Nge2 cxd5 11. cxd5 b5 12. b4 Nb6 13.
a4 Bd7 14. axb5 axb5 15. Rxa8 Nxa8 16. Bxb5 Bxb5 17. Nxb5 Qb8 18. Na3 Rc8 19. O-O Nb6 20. Rc1 Nc4 21. Rxc4 Rxc4 22. Nxc4 1-0

[Event "*** Titled Tuesday Blitz"]
[Site "Chess.com"]
[Date "2020.04.28"]
[Round "5"]
[White "ega2006"]
[Black "LuckIsMySkill"]
[Result "0-1"]
[WhiteElo "2439"]
[BlackElo "2710"]
[TimeControl "180+1"]
[EndTime "10:51:11 PDT"]
[Termination "LuckIsMySkill won by resignation"]

1. e4 g6 2. d4 Bg7 3. Nf3 d6 4. Nc3 a6 5. Be3 b5 6. Bd3 Bb7 7. O-O Nd7 8. a4 b4 9. Ne2 c5 10. c3 Ngf6 11. Ng3 O-O 12. Qe2 h5 13. Bg5 bxc3 14.
bxc3 Qa5 15. Rfc1 Kh7 16. Nd2 cxd4 17. cxd4 Qxg5 18. Rc7 Rab8 19. e5 dxe5 20. Nf3 Bxf3 0-1

[Event "*** Titled Tuesday Blitz"]
[Site "Chess.com"]
[Date "2020.04.28"]
[Round "5"]
[White "csati17"]
[Black "DonBroca"]
[Result "1-0"]
[WhiteElo "2465"]
[BlackElo "2056"]
[TimeControl "180+1"]
[EndTime "10:51:21 PDT"]
[Termination "csati17 won by resignation"]

1. c4 Nf6 2. Nc3 g6 3. g3 Bg7 4. Bg2 d6 5. e4 O-O 6. Nge2 e5 7. O-O b6 8. d4 Bb7 9. f4 exd4 10. Nxd4 Nc6 11. e5 dxe5 12. Nxc6 Qe8 13. fxe5 Nh5 14.
Ne7+ Qxe7 15. Bxb7 Qc5+ 16. Kh1 Rad8 17. Qe2 Rfe8 18.
Bf4 Rd4 19. Be3 Bxe5 20. Bxd4 Bxd4 21. Qxe8+ 1-0

[Event "*** Titled Tuesday Blitz"]
[Site "Chess.com"]
[Date "2020.04.28"]
[Round "5"]
[White "Triumphmate"]
[Black "Nafania1"]
[Result "0-1"]
[WhiteElo "2518"]
[BlackElo "2380"]
[TimeControl "180+1"]
[EndTime "10:51:25 PDT"]
[Termination "Nafania1 won by resignation"]

1. e4 e6 2. Nf3 d5 3. exd5 exd5 4. d4 Nf6 5. Bd3 Bd6 6. Be3 O-O 7. c3 Bg4 8. Nbd2 Nbd7 9. Qc2 c5 10. O-O c4 11.
Bf5 Bxf5 12. Qxf5 h6 13. Rae1 Re8 14. Re2 Qc7 15. Rfe1 Re6 16. h3 Rae8 17. g4 g6 18.
Qc2 Bf4 19. Kf1 Bxe3 20. Rxe3 Rxe3 21. Rxe3 Rxe3 22. fxe3 Qg3 23. Qd1 Qxh3+ 24. Kg1 Qg3+ 25. Kf1 Nxg4 26. Qe2 Ndf6 0-1